 Dungeon Sprint DCSS version 0.29-a0-303-ge4682ce883 (webtiles) character file.

Game seed: 1079154874965504594

368 Conn the Arsonist (level 6, -5/37 HPs)
             Began as an Octopode Fire Elementalist on Mar 25, 2022.
             Was a High Priest of Sif Muna.
             Slain by a shadow wraith (24 damage)
             ... in the Dungeon (Sprint VII: "The Pits").
             The game lasted 00:05:12 (1147 turns).

Conn the Arsonist (Octopode Fire Elementalist)      Turns: 1147, Time: 00:05:13

Health: -5/37      AC:  1    Str:  7    XL:     6   Next: 69%
Magic:  8/15       EV: 14    Int: 20    God:    Sif Muna [*****.]
Gold:   0          SH:  0    Dex: 12    Spells: 5/18 levels left

rFire   . . .      SeeInvis .   k - +1 dagger (venom)
rCold   . . .      Faith    .   (no shield)
rNeg    . . .      Spirit   .   (helmet restricted)
rPois   .          Reflect  .   (no amulet)
rElec   .          Harm     .   (no ring)
rCorr   .          Rampage  .   (no ring)
Will    .....      NoTele   +   (no ring)
Stlth   +++++.....              (no ring)
HPRegen 0.12/turn               (no ring)
MPRegen 0.14/turn               (no ring)
                                (no ring)
                                (no ring)

@: no status effects
A: almost no armour, amphibious, 8 rings, camouflage 1, gelatinous body 1,
(nimble swimmer 1), tentacles
a: Renounce Religion, Channel Magic, Forget Spell, Divine Exegesis


You were in the Dungeon.
You worshipped Sif Muna.
Sif Muna was extremely pleased with you.
You visited 1 branch

Inventory:

Hand Weapons
 g - a +2 dagger
 k - a +1 dagger of venom (weapon)
Scrolls
 f - a scroll of blinking
 i - 5 scrolls of amnesia
 j - a scroll of summoning
Potions
 a - 5 potions of magic
 b - 6 potions of curing
 c - 6 potions of heal wounds
 d - a potion of haste
 e - 3 potions of berserk rage
 h - a potion of invisibility


   Skills:
 + Level 0.4 Fighting
 + Level 2.7 Short Blades
 + Level 5.2 Dodging
 + Level 7.7 Stealth
 + Level 6.6 Spellcasting
 + Level 3.4 Conjurations
 + Level 1.1 Hexes
 + Level 8.8 Fire Magic


You had 5 spell levels left.
You knew the following spells:

 Your Spells              Type           Power      Damage    Failure   Level
a - Foxfire               Conj/Fire      100%       2x1d9     1%          1
b - Conjure Flame         Conj/Fire      31%        6-21      2%          3
c - Inner Flame           Hex/Fire       26%        N/A       3%          3
d - Flame Wave            Conj/Fire      31%        2d8       8%          4
e - Scorch                Fire           84%        2d9       1%          2

Your spell library contained the following spells:

 Spells                   Type           Power      Damage    Failure   Level
 Corpse Rot               Necr/Air       12%        N/A       16%         2
 Starburst                Conj/Fire      15%        6d6       75%         6
 Simulacrum               Ice/Necr       3%         N/A       100%        6
 Haunt                    Necr/Summ      3%         N/A       100%        7
 Ignition                 Fire           21%        3d8       100%        8


Dungeon Overview and Level Annotations

Branches:
Dungeon (1/1)

Altars:
Ashenzari
Cheibriados
Dithmenos
Elyvilon
Fedhas
Gozag
Hepliaklqana
Kikubaaqudgha
Makhleb
Nemelex Xobeh
Okawaru
Qazlal
Ru
Sif Muna
Trog
Uskayaw
Vehumet
Wu Jian
Xom
Yredelemnul
Zin
The Shining One
Beogh
Jiyva
Lugonu


Innate Abilities, Weirdness & Mutations

You cannot wear most types of armour.
You are amphibious.
You can wear up to eight rings at the same time.
Your skin changes colour to match your surroundings (Stealth+).
Your rubbery body absorbs attacks. (AC +1, EV +1)
((You are camouflaged when in or above water. (Stealth+)))
You have tentacles for arms and can constrict up to eight enemies at once.


Message History

You start resting.
HP restored.
There is an open door here.
You see here a bullfrog corpse.
There is an open door here.
You see here a bullfrog corpse.
You open the door.
Casting: Foxfire (safe; 1% risk of failure)
Confirm with . or Enter, or press ? or * to list all spells.
Aiming: Inner Flame (dangerous; 3% risk of failure)
Press: ? - help, Dir - move target You can't see anything there.
Casting: Inner Flame (dangerous; 3% risk of failure)
Confirm with . or Enter, or press ? or * to list all spells.
Okay, then.
Casting: Inner Flame (dangerous; 3% risk of failure)
Confirm with . or Enter, or press ? or * to list all spells.
You conjure some foxfire!
Unknown command.
Casting: Foxfire (safe; 1% risk of failure)
Confirm with . or Enter, or press ? or * to list all spells.
The spell is quite dangerous to miscast (8% risk of failure)!
Continue anyway?
Casting: Flame Wave (quite dangerous; 8% risk of failure)
Press: ? - help, Dir - look around, f - activate A wave of flame ripples out!
The flame wave engulfs your foxfire.
Your foxfire completely resists.
The flame wave engulfs your foxfire.
Your foxfire completely resists. (Press . to intensify the flame waves.)
The foxfire hits something. x2
A wave of flame ripples out!
The flame wave engulfs something!
Something hits you!!
Ouch! That really hurt!
Deactivating autopickup; reactivate with Ctrl-A.
Unknown command.
Okay, then.
A wave of flame ripples out!
The flame wave engulfs something.
You finish channelling waves of flame.
Something hits you!!
Ouch! That really hurt!
You die...

#)#........##.......#
#'###########.......#
#.......# #########
#...#...# #...#...#
#.##.##.#+#
#...#)..#.+
#...#...#'#
#.......@.#
###########


There were no monsters in sight!

Vanquished Creatures
  A bullfrog (D)
  3 scorpions (D)
  An orc priest (D)
  2 orc wizards (D)
  A white imp (D)
  An ufetubus (D)
  6 orcs (D)
  A goblin (D)
  A hobgoblin (D)
  4 jackals (D)
  A frilled lizard (D)
  2 kobolds (D)
  A rat (D)
25 creatures vanquished.

Vanquished Creatures (others)
  44 foxfires (D)
44 creatures vanquished.

Grand Total: 69 creatures vanquished

Notes
Turn   | Place    | Note
-------+----------+-------------------------------------------
     0 | D        | Conn the Octopode Fire Elementalist began the quest for the
                  | Orb.
     0 | D        | Reached XP level 1. HP: 11/11 MP: 3/3
    65 | D        | Found a bloodstained altar of Trog.
    65 | D        | Found a shimmering blue altar of Sif Muna.
    65 | D        | Found a viscous altar of Jiyva.
    65 | D        | Found a hazy altar of Hepliaklqana.
    65 | D        | Found an opulent altar of Gozag.
    66 | D        | Found a glowing golden altar of the Shining One.
    66 | D        | Found a glowing silver altar of Zin.
    66 | D        | Found a basalt altar of Yredelemnul.
    66 | D        | Found a shimmering altar of Xom.
    66 | D        | Found an ornate altar of the Wu Jian Council.
    66 | D        | Found a sacrificial altar of Ru.
    66 | D        | Found a stormy altar of Qazlal.
    66 | D        | Found an iron altar of Okawaru.
    66 | D        | Found a sparkling altar of Nemelex Xobeh.
    66 | D        | Found a burning altar of Makhleb.
    66 | D        | Found a blossoming altar of Fedhas.
    66 | D        | Found a white marble altar of Elyvilon.
    66 | D        | Found a shadowy altar of Dithmenos.
    66 | D        | Found a snail-covered altar of Cheibriados.
    67 | D        | Found a radiant altar of Vehumet.
    67 | D        | Found a corrupted altar of Lugonu.
    68 | D        | Found an ancient bone altar of Kikubaaqudgha.
    68 | D        | Found a hide-covered altar of Uskayaw.
    68 | D        | Found a broken altar of Ashenzari.
    69 | D        | Became a worshipper of Sif Muna the Loreminder
    91 | D        | Reached * piety under Sif Muna
    92 | D        | Reached skill level 4 in Fire Magic
    94 | D        | Reached XP level 2. HP: 8/17 MP: 0/5
   263 | D        | Reached ** piety under Sif Muna
   270 | D        | Noticed a scorpion
   270 | D        | Noticed a scorpion
   282 | D        | Killed a scorpion
   283 | D        | Reached skill level 1 in Short Blades
   283 | D        | Reached skill level 6 in Fire Magic
   283 | D        | Reached XP level 3. HP: 21/21 MP: 4/8
   283 | D        | Reached XP level 4. HP: 27/27 MP: 4/9
   285 | D        | Noticed a scorpion
   292 | D        | Killed a scorpion
   292 | D        | Reached *** piety under Sif Muna
   293 | D        | Reached skill level 5 in Stealth
   293 | D        | Reached skill level 7 in Fire Magic
   293 | D        | Reached XP level 5. HP: 22/31 MP: 5/11
   297 | D        | Reached skill level 5 in Spellcasting
   535 | D        | Learned a level 3 spell: Conjure Flame
   539 | D        | Learned a level 3 spell: Inner Flame
   544 | D        | Learned a level 4 spell: Flame Wave
   547 | D        | Learned a level 2 spell: Scorch
   567 | D        | Reached skill level 8 in Fire Magic
   567 | D        | Reached XP level 6. HP: 13/36 MP: 0/14
   648 | D        | Reached **** piety under Sif Muna
   649 | D        | Reached skill level 5 in Dodging
   927 | D        | Reached ***** piety under Sif Muna
   927 | D        | Received a gift from Sif Muna
   936 | D        | Got Sif Muna's Papyrus of Flamy Evil {god gift}
  1068 | D        | Reached skill level 1 in Hexes
  1147 | D        | Slain by a shadow wraith

Illustrated notes

Levels and vault maps discovered:
D:        pitsprint [storerooms_1, entrance_room_1, metal_vault_1, armoury_1,
          mini_pit_1, grid_room_1, main_hall_1, silver_pit, the_coven_2,
          the_vestibule_1, steel_vault_5, golden_pit, hallway_of_sentries,
          crystal_vault_2, iron_vault_4, final_vault]

Skill      XL: |  1  2  3  4  5  6 |
---------------+-------------------+-----
Fire Magic     | 4 6 7 8 |  8.8
Stealth        | 3 4 5 6 7 |  7.7
Short Blades   | 1 2 |  2.7
Dodging        | 3 4 5 |  5.2
Spellcasting   | 3 4 5 6 |  6.6
Conjurations   | 2 3 |  3.4
Hexes          | 1 |  1.1
Fighting       | |  0.4

Action                   |  1- 3 |  4- 6 || total
-------------------------+-------+-------++-------
Melee: Dagger            |    16 |     9 ||    25
       Constrict         |     5 |     4 ||     9
       Tentacles         |     4 |     4 ||     8
       Punch             |       |     1 ||     1
 Cast: Foxfire           |     7 |    22 ||    29
       Inner Flame       |       |     5 ||     5
       Conjure Flame     |       |     2 ||     2
       Scorch            |       |     3 ||     3
       Flame Wave        |       |     2 ||     2
  Use: Potion            |     1 |       ||     1
 Stab: Sleeping          |     1 |     2 ||     3
       Invisible         |     1 |       ||     1
Armor: Skin              |     1 |       ||     1
Dodge: Dodged            |    14 |     4 ||    18

Table legend: (Time is in decaauts)
 A = Elapsed time spent in this place.
 B = Non-inter-level travel time spent in this place.
 C = Inter-level travel time spent in this place.
 D = Time resting spent in this place.
 E = Time spent auto-exploring this place.
 F = Levels seen in this place.
 G = Mean time per level.
                   A        B        C        D        E       F      G
               +--------+--------+--------+--------+--------+-----+--------+
         Total |   1145 |   1145 |      0 |    685 |    120 |   1 | 1145.0 |
       Dungeon |   1145 |   1145 |      0 |    685 |    120 |   1 | 1145.0 |
               +--------+--------+--------+--------+--------+-----+--------+

Top non-repeatable levels by time:
       D: 1145 daAuts
